woodfighter, neutral female human Healer ----- ------ |...| |.>..|#########|...| ##+ |....| #|....# o |....-#########|...|#@o# |....| #-----# # |.....#########[############ ------ # # # # # --------# |......|# |......|# +......|# |....<..# -------- woodfighter the Empiric Experience level: 4 Strength: 10 Dexterity: 12 Constitution: 15 Intelligence: 10 Wisdom: 17 Charisma: 16 Health: 0(33) Energy: 40(40) Def: 2 Gold: 2571 Moves: 2159 Dungeon seed: ZzPCukek-AIGcE4n Game ID: woodfighter_1504818284 Your Inventory: Coins $ - 2571 gold pieces Weapons a - a +0 dwarvish spear (weapon in hand) o - a +0 scalpel Armor e - an uncursed +1 pair of leather gloves (being worn) Comestibles j - 6 blessed eucalyptus leaves k - 3 blessed sprigs of wolfsbane l - 2 blessed cloves of garlic m - 3 uncursed apples t - an uncursed tripe ration Scrolls n - a blessed scroll of light u - an uncursed scroll of confuse monster x - an uncursed scroll of scare monster Spellbooks g - a blessed spellbook of healing h - a blessed spellbook of extra healing i - a blessed spellbook of stone to flesh Potions c - 4 uncursed potions of healing d - 4 uncursed potions of extra healing r - an uncursed potion of levitation B - a blessed potion of extra healing Wands f - a wand of sleep (0:4) y - a wand of digging (0:8) A - a wand of enlightenment (0:11) Tools b - an uncursed stethoscope Spells and supernatural/magical abilities: Name Level Category Fail Memory h - healing 1 healing 0% 90% x - extra healing 3 healing 27% 90% S - stone to flesh 3 healing 41% 90% W - pray for help -- divine ? -- Your skills at the end: Miscellaneous Skills wands [Basic] Weapon Skills knife [Basic] spear [Basic] Spellcasting Skills healing spells [Basic] Final Attributes: You were devoutly aligned. You were poison resistant. You were stealthy. You were lucky. You are dead. Vanquished creatures: an iguana a hill orc a jitterbug a dwarf zombie a large kobold a gecko 2 hobgoblins a yellow mold 2 red molds 8 manes 3 jackals 2 foxes a kobold a newt 3 goblins 6 lichens 35 creatures vanquished. Voluntary challenges: You did not adorn yourself with jewelry or accessories. You did not cause conflict. You were not invisible. You did not have reflection. You were not displaced. You used a wielded weapon 52 times, starting on turn 1. You did not apply a unicorn horn. You did not use plumbed fixtures. You did not drink any magical draughts. You were illiterate. You never genocided any monsters. You never polymorphed an object. You never changed form. You used no wishes. You never split a pudding. You never wrote Elbereth's name. You never violated your personal moral code. Dungeon overview: The Dungeons of Doom: levels 1 to 7 Level 1 some fountains a long staircase Level 2 a delicatessen, an altar to Poseidon Level 3 (eyes) Level 4 an altar to Poseidon, a fountain stairs to The Gnomish Mines Level 5 some fountains Level 6 <- You were here Level 7 The Gnomish Mines: Level 5 stairs to The Dungeons of Doom History has recorded: On T:1 you entered the Dungeons of Doom to retrieve the Amulet of Yendor! On T:34 you reached level 2 of The Dungeons of Doom. On T:494 you advanced to experience level 2. On T:617 you reached level 3 of The Dungeons of Doom. On T:727 you advanced to experience level 3. On T:1105 you reached level 4 of The Dungeons of Doom. On T:1246 you advanced to experience level 4. On T:1513 you reached level 1 of The Gnomish Mines. On T:1544 you reached level 5 of The Dungeons of Doom. On T:1815 you reached level 6 of The Dungeons of Doom. On T:2099 you reached level 7 of The Dungeons of Doom. Score breakdown: Gold: 778 ( 77 points) Experience: 4 levels ( 300 points) Exploration: 7 levels ( 180 points) Discoveries: 7 items ( 350 points) Variety of kills: 16 monsters ( 800 points) Major goal: (nothing yet) ( 0 points) Survival: died (score multiplied by 3) Total score: 5121 Latest messages: You kill the hill orc! Kitty eats a hill orc corpse. You displace kitty. You stop exploring. You hear a hollow sound. This must be a secret door! You displace kitty. You are beginning to feel hungry. You stop exploring. Core dumped. You finish eating the apple. Core dumped. You finish eating the apple. Core dumped. You finish eating the apple. The hill orc punches you! A hill orc blocks your way. The hill orc wields a curved sword! You hear some noises. You jab the hill orc! The hill orc is moderately wounded. The hill orc punches you! The hill orc swings her curved sword at you. The hill orc hacks you! You die... Final status: Goodbye woodfighter the Healer, killed by a hill orc... You died in The Dungeons of Doom on dungeon level 6 with 5121 points, and 2571 pieces of gold, after 2159 moves. You were level 4 with a maximum of 33 hit points when you died.